 Dungeon Crawl Stone Soup version 0.31-a0-835-g2a3a5bc3be (webtiles) character file.

Game seed: 9067099374091377444

1090 DocSulfur the Trooper (level 8, -2/51 HPs)
             Began as a Vampire Berserker on Sept 25, 2023.
             Was a Believer of Trog.
             Slain by a killer bee (7 damage)
             ... on level 6 of the Dungeon.
             The game lasted 00:06:20 (4641 turns).

DocSulfur the Trooper (Vampire Berserker)           Turns: 4641, Time: 00:06:20

Health: -2/51      AC: 11    Str: 24    XL:     8   Next: 9%
Magic:  8/8        EV:  9    Int:  9    God:    Trog [**....]
Gold:   355        SH:  0    Dex: 20    Spells: 7/7 levels left

rFire   . . .        y - +0 scythe
rCold   + + .        (shield currently unavailable)
rNeg    + + +        A - +0 plate armour
rPois   ∞            (no helmet)
rElec   .            (no cloak)
rCorr   .            (no gloves)
SInv    +            (no boots)
Will    .....        (no amulet) Stlth
                     i - +6 ring of strength
HPRegen 0.00/turn    v - +6 ring of dexterity
MPRegen 0.11/turn

%: no passive effects
@: bloodless, inhibited regen
A: bloodless, fangs 3, see invisible, vampiric 2
a: Bat Form, Revivify, Renounce Religion, Trog's Hand


You were on level 6 of the Dungeon.
You worshipped Trog.
Trog was pleased with you.
You visited 1 branch of the dungeon, and saw 6 of its levels.

You collected 355 gold pieces.

Inventory:

Hand Weapons
 a - a +0 spear
 p - the +5 mace of Tomorrow {flame, rC+ Will+++ Dex-2}
   (You found it on level 2 of the Dungeon)

   Dex-2:     It affects your dexterity (-2).
   rC+:       It protects you from cold.
   Will+++:   It greatly increases your willpower.
 y - a +0 scythe (weapon)
Missiles
 w - 3 poisoned darts
Armour
 g - a +0 scale mail
 r - a +1 leather armour of fire resistance
 A - a +0 plate armour (worn)
Jewellery
 i - a +6 ring of strength (left hand)
 v - a +6 ring of dexterity (right hand)
Wands
 x - a wand of flame (31)
Scrolls
 b - a scroll of summoning {unknown}
 e - a scroll of poison {unknown}
 h - 4 scrolls of fog
 k - a scroll of immolation {unknown}
 m - a scroll of identify {unknown}
 n - 2 scrolls of enchant weapon {unknown}
 o - 2 scrolls of blinking
 q - a scroll of teleportation {unknown}
 t - a scroll of revelation {unknown}
 u - a scroll of enchant armour {unknown}
Potions
 c - a potion of enlightenment {unknown}
 d - 2 potions of curing
 f - a potion of berserk rage
 j - a potion of mutation {unknown}
 l - a potion of heal wounds {unknown}
 s - a potion of haste {unknown}
 z - a potion of attraction {unknown}


   Skills:
 + Level 5.7 Fighting
 + Level 5.6 Polearms
 - Level 3.4 Armour
 - Level 4.6 Dodging


You had 7 spell levels left.
You didn't know any spells.
Your spell library was empty.

Dungeon Overview and Level Annotations

Branches:
Dungeon (6/15)
 Temple: D:4-7

Altars:
Nemelex Xobeh
Vehumet


Innate Abilities, Weirdness & Mutations

You do not regenerate when monsters are visible.
You are frail without blood (-20% HP).
You can heal yourself when you bite living creatures.
You are immune to poison.
You have razor-sharp teeth.
You have supernaturally acute eyesight. (SInv)
You are afflicted with vampirism and can become a bat while bloodless.


Message History

Aim: an orc warrior, wielding a +0 trident and wearing a +0 chain mail (about 43% to evade your +0 scythe)
You reach to attack!
You barely miss the orc warrior.
You hear a shout!
An orc comes into view. It is wielding a +0 dagger.
The orc warrior hits you from afar with a +0 trident!
* * * LOW HITPOINT WARNING * * *
You take 13 damage, and have 10/51 hp.
MASSIVE DAMAGE!!
Reach: y) +0 scythe
Press: ? - help, Dir - move target, f/p - orc warrior
Aim: an orc warrior, wielding a +0 trident and wearing a +0 chain mail (about 43% to evade your +0 scythe)
You reach to attack!
You hit the orc warrior but do no damage.
The orc warrior hits you from afar with a +0 trident.
* * * LOW HITPOINT WARNING * * *
You take 6 damage, and have 4/51 hp.
Okay, then.
You feel better.
The orc warrior hits you but does no damage.
You regained 9 hp, and now have 13/51 hp.
Okay, then.
Blink to where?
Press: ? - help, Dir - move target, p - orc warrior
As you read the scroll labelled QOSASO DYQILA, it crumbles to dust.
It was a scroll of blinking.
The killer bee buzzes angrily.
You hear an angry buzzing noise.
The killer bee buzzes angrily.
The killer bee stings you!
* * * LOW HITPOINT WARNING * * *
The killer bee barely misses you.
You take 8 damage, and have 5/51 hp.
The killer bee barely misses you.
The killer bee stings you but does no damage.
Things that are here:
a +0 dagger; a +0 scale mail The killer bee attacks as it pursues you!
The killer bee stings you but does no damage. x3
There is a stone staircase leading up here.
The killer bee stings you but does no damage.
The killer bee closely misses you. x2; The killer bee stings you!
You die...

......# .......## #.......
........## #.......
.........# #...... .........#
#..... ..... .........#
#...#.............
.........###...#.............
..........#yy..##............
.?.........y@..###...........
#.........y##............)...
#........######..............
#..####..# ##..##.........
#.. #..## ##..##......<. ##.#
##...# #.....#....... ####..#
##....# #.............
......###o....##
#.............
......##.......#
#.....#####....


You could see 4 killer bees.

Vanquished Creatures
  Prince Ribbit (D:5)
  Sigmund (D:5)
  An ogre (D:4)
  2 phantoms (D:5)
  A scorpion (D:5)
  A killer bee (D:5)
  An orc priest (D:3)
  3 jellies
  2 iguanas (D:4)
  2 sleepcaps
  A gnoll (D:1)
  6 adders
  2 white imps (D:5)
  A worm (D:4)
  6 dart slugs
  11 orcs
  6 ball pythons
  2 bats
  8 endoplasms
  A giant cockroach (D:2)
  8 hobgoblins
  5 quokkas
  14 frilled lizards
  5 goblins
  3 kobolds
  6 rats
100 creatures vanquished.

Notes
Turn   | Place    | Note
-------+----------+-------------------------------------------
     0 | D:1      | DocSulfur the Vampire Berserker began the quest for the
                  | Orb.
     0 | D:1      | Reached XP level 1. HP: 17/17 MP: 1/1
   244 | D:1      | Reached XP level 2. HP: 17/23 MP: 2/2
   463 | D:1      | Gained mutation: You are afflicted with vampirism and can
                  | become a bat while bloodless. [Vampire growth]
   463 | D:1      | Reached XP level 3. HP: 29/29 MP: 3/3
   658 | D:1      | Found a faded altar of an unknown god.
  1077 | D:2      | Identified the +3 ring mail of the Lute {rPois}
  1344 | D:2      | Identified the +5 mace of Tomorrow {flame, rC+ Will+++
                  | Dex-2}
  1742 | D:3      | Reached ** piety under Trog
  1752 | D:3      | Reached XP level 4. HP: 35/35 MP: 4/4
  2310 | D:4      | Identified the +1 dagger of Ablu {vamp, Will+ MP+9 Str+3
                  | Stlth+}
  2386 | D:4      | Reached XP level 5. HP: 36/41 MP: 5/5
  2731 | D:4      | HP: 2/63 [acid (11)]
  3020 | D:4      | Noticed an ogre
  3026 | D:4      | Killed an ogre
  3027 | D:4      | Reached XP level 6. HP: 48/48 MP: 6/6
  3384 | D:5      | Entered Level 5 of the Dungeon
  3591 | D:5      | Noticed Sigmund
  3599 | D:5      | Killed Sigmund
  3600 | D:5      | Reached XP level 7. HP: 55/55 MP: 7/7
  3665 | D:5      | Identified the +0 robe of Abstinence {Dex+4}
  3986 | D:5      | Reached skill level 5 in Fighting
  4088 | D:5      | Noticed Prince Ribbit
  4110 | D:5      | Killed Prince Ribbit
  4111 | D:5      | Reached skill level 5 in Polearms
  4297 | D:5      | Found a radiant altar of Vehumet.
  4297 | D:5      | Found a sparkling altar of Nemelex Xobeh.
  4494 | D:5      | Reached XP level 8. HP: 57/63 MP: 8/8
  4641 | D:6      | Slain by a killer bee

Illustrated notes

Levels and vault maps discovered:
D:1:      minmay_arrival_split_and_join, layout_loops_ring,
          chequers_ecumenical_altar_grove
D:2:      layout_loops_ring, serial_forest, infiniplex_forest_lined_corner,
          infiniplex_forest_zigzag_1, infiniplex_forest_straight_5,
          infiniplex_forest_end_double, infiniplex_forest_lined_3_way,
          infiniplex_forest_clump_curved, minivault_11
D:3:      layout_rooms, serial_curves, eino_curves_02, eino_curves_04,
          eino_curves_02, minmay_quantized
D:4:      layout_layer_cave, minmay_lizard_king
D:5:      layout_basic, mainiacjoe_overflow_alcove_3, uniq_prince_ribbit1,
          uniq_sigmund
D:6:      layout_layer_cave

Skill      XL: |  1  2  3  4  5  6  7 |
---------------+----------------------+-----
Fighting       | 3 4 5 |  5.7
Polearms       | 3 4 5 |  5.6
Armour         | 2 3 |  3.4
Dodging        | 3 4 |  4.6

Action                     |  1- 3 |  4- 6 |  7- 9 || total
---------------------------+-------+-------+-------++-------
  Melee: Spear             |    90 |   211 |       ||   301
         Bite              |    12 |    20 |     9 ||    41
         Mace              |     9 |       |       ||     9
         Punch             |       |     2 |       ||     2
         Halberd           |       |       |    59 ||    59
 Invoke: Berserk           |     2 |     6 |     1 ||     9
Ability: Exsanguinate      |       |       |     1 ||     1
    Use: Potion            |       |       |     3 ||     3
         Scroll            |       |       |     2 ||     2
 Armour: Animal skin       |    11 |       |       ||    11
         Scale mail        |    28 |   104 |    22 ||   154
         Plate armour      |       |       |    20 ||    20
  Dodge: Dodged            |    38 |    91 |    30 ||   159

Table legend: (Time is in decaauts)
 A = Elapsed time spent in this place.
 B = Non-inter-level travel time spent in this place.
 C = Inter-level travel time spent in this place.
 D = Time resting spent in this place.
 E = Time spent auto-exploring this place.
 F = Levels seen in this place.
 G = Mean time per level.
                   A        B        C        D        E       F      G
               +--------+--------+--------+--------+--------+-----+--------+
         Total |   4722 |   4571 |    151 |    448 |   3185 |   6 |  787.0 |
       Dungeon |   4722 |   4571 |    151 |    448 |   3185 |   6 |  787.0 |
               +--------+--------+--------+--------+--------+-----+--------+

Top non-repeatable levels by time:
     D:4: 1206 daAuts
     D:5: 1079 daAuts
     D:2: 880 daAuts
     D:1: 821 daAuts
     D:3: 599 daAuts
     D:6: 133 daAuts
